 Dungeon Crawl Stone Soup version 0.20-a0-470-gbb038bd (webtiles) character file.

384 ChocoNymphy the Covered (level 6, 0/50 HPs)
             Began as a Minotaur Wanderer on Jan 13, 2017.
             Succumbed to a worker ant's poison
             ... on level 4 of the Dungeon on Jan 14, 2017.
             The game lasted 00:19:27 (4281 turns).

ChocoNymphy the Covered (Minotaur Wanderer)         Turns: 4281, Time: 00:19:27

Health: 0/50       AC: 10    Str: 16    XL:     6   Next: 47%
Magic:  5/5        EV:  9    Int: 10    God:
Gold:   96         SH:  0    Dex: 11    Spells: 5/5 levels left

rFire  . . .     SeeInvis .     l - +0 whip (flame)
rCold  . . .     Gourm    .     a - +2 scale mail
rNeg   . . .     Faith    .     (no shield)
rPois  .         Spirit   .     (helmet restricted)
rElec  .         Reflect  .     (no cloak)
rCorr  .         Harm     .     (no gloves)
MR     .....                    (no boots)
Stlth  ..........               (no amulet)
                                (no ring)
                                (no ring)

@: lethally poisoned (0 -> -16)
A: retaliatory headbutt, horns 2
a: no special abilities


You were on level 4 of the Dungeon.
You were very hungry.

You visited 1 branch of the dungeon, and saw 4 of its levels.

You collected 96 gold pieces.

Inventory:

Hand Weapons
 b - a +0 hand crossbow
 l - a +0 whip of flaming (weapon)
Missiles
 c - 9 bolts
 q - 7 javelins of penetration (quivered)
 u - 5 tomahawks
 w - 23 sling bullets
Armour
 a - a +2 scale mail (worn)
 t - a +1 robe of cold resistance
Jewellery
 e - an uncursed ring of ice {unknown}
 i - an uncursed amulet of harm {unknown}
Scrolls
 g - a scroll of blinking {unknown}
 h - a scroll of amnesia {unknown}
 j - 3 scrolls of identify {unknown}
 k - a scroll of fear {unknown}
 n - a scroll of enchant armour {unknown}
 o - a scroll of enchant weapon {unknown}
 r - a scroll of remove curse {unknown}
 v - a scroll of immolation {unknown}
Potions
 d - a potion of flight
Comestibles
 f - 2 bread rations
 m - a royal jelly
 p - a meat ration
 s - a slice of pizza


   Skills:
 + Level 2.8 Fighting
 + Level 0.5 Maces & Flails
 + Level 5.5 Crossbows
 + Level 1.2 Throwing
 + Level 7.7 Armour
 + Level 0.4 Dodging
 + Level 1.0 Stealth


You had 5 spell levels left.
You didn't know any spells.

Dungeon Overview and Level Annotations

Branches:
Dungeon (4/15)
 Temple: D:4-7

Altars:
Fedhas
Nemelex Xobeh
Okawaru


Innate Abilities, Weirdness & Mutations

You reflexively headbutt those who attack you in melee.
You have a pair of horns on your head.


Message History

You feel sick.
The worker ant bites you but does no damage.
Your scale mail prevents you from hitting the worker ant.
The worker ant is almost dead.
* * * LOW HITPOINT WARNING * * *
You feel sick.
The worker ant bites you but does no damage.
You completely miss the worker ant.
The worker ant is almost dead.
* * * LOW HITPOINT WARNING * * *
You feel sick.
The worker ant bites you but does no damage.
You closely miss the worker ant. You headbutt the worker ant.
You kill the worker ant!
* * * LOW HITPOINT WARNING * * *
You feel sick.
* * * LOW HITPOINT WARNING * * *
You feel sick.
You see here a worker ant corpse.
You die...

... .............. ....
.............
....########............
........................
........................
........................
.......†...##........##.
.......†!..##........##.
#......@...##........##.
#..........##........##.
#..........####......###
#..........# #......#
#..........# #......#
#...######## ########
####


There were no monsters in sight!

Vanquished Creatures
  An orc wizard (D:3)
  Jessica (D:2)
  3 worker ants
  9 gnolls (D:3)
  8 adders
  2 worms
  2 leopard geckos (D:1)
  8 orcs
  A ball python (D:2)
  2 giant cockroaches
  9 goblins
  11 hobgoblins
  10 jackals
  A quokka (D:2)
  2 bats
  2 frilled lizards
  A jackal skeleton (D:4)
  10 kobolds
  A quokka skeleton (D:4)
  7 rats
91 creatures vanquished.

Notes
Turn   | Place    | Note
-------+----------+-------------------------------------------
     0 | D:1      | ChocoNymphy the Minotaur Wanderer began the quest for the Orb.
     0 | D:1      | ChocoNymphy set off with: a +2 scale mail, a +0 hand crossbow, 29 bolts, a potion of lignification, a bread ration
     0 | D:1      | Reached XP level 1. HP: 16/16 MP: 0/0
   431 | D:1      | Reached XP level 2. HP: 20/23 MP: 1/1
  1145 | D:2      | Noticed Jessica
  1149 | D:2      | Killed Jessica
  1149 | D:2      | Reached XP level 3. HP: 12/28 MP: 2/2
  1153 | D:2      | Found a blossoming altar of Fedhas.
  1595 | D:2      | Reached XP level 4. HP: 24/35 MP: 3/3
  1609 | D:2      | Reached skill level 7 in Armour
  2394 | D:2      | Reached XP level 5. HP: 40/40 MP: 4/4
  2787 | D:3      | Found a sparkling altar of Nemelex Xobeh.
  2919 | D:3      | Reached skill level 5 in Crossbows
  3348 | D:3      | Found an iron altar of Okawaru.
  3362 | D:3      | HP: 2/41 [gnoll/halberd (12)]
  3371 | D:3      | HP: 2/41 [jackal (2)]
  3592 | D:3      | Reached XP level 6. HP: 33/48 MP: 5/5
  4280 | D:4      | HP: 1/50 [poisoned by a worker ant]
  4281 | D:4      | Succumbed to a worker ant's poison

Vault maps used:
D:1:      dpeg_arrival_another_circle, serial_bayou_lake_a
D:2:      fedhas_altar_fruit_tree, uniq_jessica
D:3:      overflow_temple_1_default, okawaru_metal_pillars_1_2
D:4:      amethyst_overflow_temple_binary, first_bread

Skill      XL: |  1  2  3  4  5 |
---------------+----------------+-----
Crossbows      | 3 4 5 |  5.5
Armour         | 7 |  7.7
Fighting       | 2 |  2.8
Maces & Flails | |  0.5
Throwing       | |  1.2
Dodging        | |  0.4
Stealth        | |  1.0

Action                   |  1- 3 |  4- 6 || total
-------------------------+-------+-------++-------
Melee: Whip              |       |    87 ||    87
       Headbutt          |       |    10 ||    10
 Fire: Hand crossbow     |    59 |   111 ||   170
Throw: Javelin           |       |     7 ||     7
  Use: Scroll            |     1 |     1 ||     2
       Potion            |       |     4 ||     4
  Eat: Fruit             |     4 |       ||     4
       Chunk             |     1 |     5 ||     6
Armor: Scale mail        |    16 |    82 ||    98
       Skin              |       |     1 ||     1
Dodge: Dodged            |    16 |   117 ||   133
